General information
- name: BNet
- type: Ladder team game (AT/RT)
- host: Battle.net
- saver: dogsandhorse.ru
map: RiverOfSouls
- players: 6
- length: 29:49
- speed: Fast
- version: 1.26 W3XP
- replay type:

» download(240 KB)
Players
team 1 (winner)
dogsandhorse.ru (
yellow | 107 APM | 3200 actions | 29:49)
6 Blademaster
2 Wind Walk
3 Critical Strike
1 Bladestorm
» actions
| Assign group hotkey | 7 | |
| Basic commands | 3 | |
| Build / train | 58 | |
| Enter build submenu | 83 | |
| Enter hero's abilities submenu | 6 | |
| Give item / drop item | 19 | |
| Remove unit from queue | 2 | |
| Right click | 2331 | |
| Select / deselect | 311 | |
| Select group hotkey | 177 | |
| Use ability | 203 | |
3200 total
» units
» upgrades
| Ranged Weapons | 2 | |
| Armor | 1 | |
| Reinforced Defenses | 0 | |
3 total
» buildings
| Altar of Storms | 1 | |
| Orc Burrow | 4 | |
| War Mill | 1 | |
| Watch Tower | 67 | |
| Stronghold | 2 | |
| Voodoo Lounge | 3 | |
| Beastiary | 2 | |
| Fortress | 1 | |
81 total
» build order
00:08 Altar of Storms
00:19 Orc Burrow
00:33 War Mill
01:46 Watch Tower
01:49 Watch Tower
02:22 Watch Tower
02:25 Watch Tower
02:58 Watch Tower
03:16 Watch Tower
03:46 Stronghold
03:46 Stronghold
03:51 Orc Burrow
04:06 Watch Tower
04:07 Watch Tower
04:10 Watch Tower
04:33 Watch Tower
04:39 Orc Burrow
04:47 Voodoo Lounge
04:58 Voodoo Lounge
05:05 Voodoo Lounge
05:07 Watch Tower
05:08 Watch Tower
05:11 Watch Tower
05:30 Watch Tower
05:49 Orc Burrow
05:56 Watch Tower
05:59 Watch Tower
06:28 Watch Tower
06:34 Watch Tower
07:07 Beastiary
07:08 Beastiary
07:12 Watch Tower
07:15 Watch Tower
08:17 Watch Tower
08:18 Watch Tower
08:31 Watch Tower
09:16 Watch Tower
09:37 Watch Tower
09:38 Watch Tower
10:03 Watch Tower
10:53 Watch Tower
10:54 Watch Tower
10:56 Watch Tower
10:57 Watch Tower
11:13 Fortress
11:24 Watch Tower
11:26 Watch Tower
12:22 Watch Tower
12:22 Watch Tower
12:25 Watch Tower
12:42 Watch Tower
13:31 Watch Tower
13:32 Watch Tower
13:47 Watch Tower
13:49 Watch Tower
13:50 Watch Tower
15:40 Watch Tower
15:40 Watch Tower
15:41 Watch Tower
15:43 Watch Tower
16:57 Watch Tower
16:58 Watch Tower
16:58 Watch Tower
16:59 Watch Tower
18:26 Watch Tower
18:27 Watch Tower
18:27 Watch Tower
18:29 Watch Tower
19:34 Watch Tower
19:35 Watch Tower
19:36 Watch Tower
19:39 Watch Tower
21:22 Watch Tower
22:13 Watch Tower
22:48 Watch Tower
25:22 Watch Tower
25:25 Watch Tower
26:29 Watch Tower
26:44 Watch Tower
28:11 Watch Tower
28:14 Watch Tower
» items
| Boots of Speed | 1 | |
| Staff of Teleportation | 1 | |
| Lesser Clarity Potion | 7 | |
| Healing Salve | 4 | |
| Orb of Lightning | 1 | |
14 total
TEK9 (
blue | 99 APM | 2960 actions | 29:47)
3 Archmage
2 Blizzard
1 Brilliance Aura
3 Paladin
2 Holy Light
1 Divine Shield
2 Mountain King
1 Storm Bolt
1 Thunder Clap
» actions
| Assign group hotkey | 11 | |
| Basic commands | 22 | |
| Build / train | 137 | |
| ESC pressed | 2 | |
| Enter build submenu | 86 | |
| Enter hero's abilities submenu | 8 | |
| Give item / drop item | 5 | |
| Right click | 1509 | |
| Select / deselect | 504 | |
| Select group hotkey | 459 | |
| Use ability | 215 | |
2960 total
» units
| Peasant | 20 | |
| Dragonhawk Rider | 3 | |
23 total
» upgrades
| Masonry | 3 | |
| Magic Sentry | 1 | |
| Lumber Harvesting | 1 | |
| Swords | 3 | |
| Cloud | 1 | |
| Armor | 3 | |
| Animal War Training | 1 | |
13 total
» buildings
| Altar of Kings | 1 | |
| Farm | 7 | |
| Lumber Mill | 1 | |
| Scout Tower | 77 | |
| Arcane Tower | 5 | |
| Guard Tower | 55 | |
| Arcane Vault | 2 | |
| Keep | 1 | |
| Town Hall | 1 | |
| Arcane Sanctum | 1 | |
| Castle | 1 | |
| Barracks | 1 | |
| Gryphon Aviary | 2 | |
| Blacksmith | 1 | |
156 total
» build order
00:11 Altar of Kings
00:22 Farm
00:49 Lumber Mill
00:54 Farm
01:05 Scout Tower
01:24 Scout Tower
01:29 Scout Tower
01:39 Arcane Tower
01:53 Scout Tower
02:00 Guard Tower
02:01 Guard Tower
02:17 Scout Tower
02:25 Scout Tower
02:32 Guard Tower
02:35 Scout Tower
03:04 Guard Tower
03:05 Guard Tower
03:05 Guard Tower
03:09 Scout Tower
03:10 Scout Tower
03:15 Arcane Vault
03:20 Keep
03:57 Guard Tower
04:00 Guard Tower
04:12 Town Hall
04:26 Scout Tower
04:29 Scout Tower
04:37 Scout Tower
04:59 Arcane Tower
05:21 Farm
05:28 Guard Tower
05:28 Guard Tower
05:32 Scout Tower
05:40 Farm
06:22 Guard Tower
06:23 Guard Tower
06:31 Scout Tower
06:36 Scout Tower
06:41 Scout Tower
06:43 Scout Tower
07:06 Guard Tower
07:06 Guard Tower
07:10 Arcane Sanctum
07:14 Scout Tower
07:17 Scout Tower
07:19 Scout Tower
07:23 Scout Tower
07:26 Scout Tower
08:19 Guard Tower
08:19 Guard Tower
08:32 Scout Tower
08:34 Scout Tower
08:36 Scout Tower
08:43 Scout Tower
08:45 Scout Tower
08:48 Scout Tower
08:51 Scout Tower
08:54 Scout Tower
08:56 Scout Tower
08:58 Scout Tower
09:07 Guard Tower
09:11 Guard Tower
09:14 Scout Tower
09:18 Scout Tower
10:04 Guard Tower
10:04 Guard Tower
10:49 Guard Tower
10:50 Guard Tower
10:52 Scout Tower
10:58 Castle
11:03 Barracks
11:08 Gryphon Aviary
11:09 Gryphon Aviary
11:18 Blacksmith
11:21 Farm
11:23 Farm
11:43 Guard Tower
11:48 Scout Tower
11:51 Guard Tower
12:26 Arcane Vault
12:28 Guard Tower
12:38 Farm
12:47 Scout Tower
12:50 Scout Tower
12:54 Guard Tower
12:57 Scout Tower
12:59 Scout Tower
13:16 Guard Tower
13:19 Scout Tower
13:21 Guard Tower
13:38 Guard Tower
13:48 Scout Tower
13:49 Scout Tower
13:52 Scout Tower
13:53 Scout Tower
13:54 Scout Tower
13:55 Scout Tower
15:26 Guard Tower
15:27 Guard Tower
15:27 Guard Tower
15:27 Guard Tower
15:34 Scout Tower
15:35 Scout Tower
15:36 Scout Tower
15:38 Scout Tower
15:39 Scout Tower
15:40 Scout Tower
15:41 Scout Tower
15:43 Scout Tower
18:46 Scout Tower
20:13 Guard Tower
20:56 Scout Tower
20:58 Scout Tower
21:00 Scout Tower
21:27 Guard Tower
21:38 Scout Tower
21:38 Scout Tower
21:40 Scout Tower
21:41 Scout Tower
21:42 Scout Tower
21:43 Scout Tower
21:44 Scout Tower
22:36 Guard Tower
22:37 Guard Tower
23:40 Guard Tower
23:40 Guard Tower
25:05 Guard Tower
25:06 Guard Tower
25:09 Scout Tower
26:03 Guard Tower
26:04 Guard Tower
26:36 Scout Tower
26:37 Scout Tower
26:38 Scout Tower
26:41 Scout Tower
26:44 Scout Tower
26:44 Scout Tower
26:46 Scout Tower
26:47 Scout Tower
26:48 Scout Tower
26:49 Scout Tower
28:41 Arcane Tower
28:42 Arcane Tower
» items
| Mechanical Critter | 2 | |
| Potion of Invisibility | 1 | |
| Healing Salve | 1 | |
| Lesser Clarity Potion | 1 | |
| Boots of Speed | 4 | |
| Staff of Teleportation | 2 | |
| Orb of Lightning | 3 | |
| Periapt of Vitality | 4 | |
18 total
TIMG4STRok (
red | 118 APM | 3520 actions | 29:47)
4 Warden
2 Shadow Strike
2 Blink
3 Pandaren Brewmaster
2 Breath of Fire
1 Drunken Haze
» actions
| Assign group hotkey | 6 | |
| Basic commands | 10 | |
| Build / train | 56 | |
| ESC pressed | 4 | |
| Enter build submenu | 42 | |
| Enter hero's abilities submenu | 8 | |
| Give item / drop item | 7 | |
| Right click | 2248 | |
| Select / deselect | 177 | |
| Select group hotkey | 781 | |
| Use ability | 180 | |
3520 total
» units
» upgrades
| Well Spring | 1 | |
| Ultravision | 1 | |
| Strength of the Wild | 2 | |
| Reinforced Hides | 2 | |
6 total
» buildings
| Altar of Elders | 1 | |
| Moon Well | 37 | |
| Tree of Life | 1 | |
| Tree of Ages | 3 | |
| Hunter's Hall | 1 | |
| Ancient of Wonders | 1 | |
| Tree of Eternity | 3 | |
| Ancient of Wind | 1 | |
| Chimaera Roost | 2 | |
50 total
» build order
00:29 Altar of Elders
00:38 Moon Well
01:54 Moon Well
03:42 Tree of Life
05:53 Tree of Ages
05:53 Tree of Ages
05:53 Tree of Ages
07:17 Hunter's Hall
07:22 Ancient of Wonders
08:13 Moon Well
08:15 Moon Well
08:17 Tree of Eternity
08:17 Tree of Eternity
08:17 Tree of Eternity
08:25 Moon Well
08:33 Moon Well
10:07 Moon Well
10:09 Moon Well
10:10 Moon Well
12:46 Moon Well
12:47 Moon Well
13:29 Moon Well
13:30 Moon Well
13:31 Moon Well
13:32 Moon Well
19:17 Moon Well
19:17 Moon Well
21:32 Moon Well
21:33 Moon Well
21:40 Moon Well
21:42 Moon Well
22:51 Moon Well
22:52 Moon Well
23:02 Moon Well
23:03 Moon Well
23:05 Moon Well
23:07 Moon Well
25:14 Moon Well
25:15 Moon Well
25:18 Moon Well
25:19 Moon Well
25:20 Moon Well
25:22 Moon Well
25:49 Moon Well
25:50 Moon Well
25:54 Moon Well
25:58 Moon Well
26:22 Ancient of Wind
27:53 Chimaera Roost
27:53 Chimaera Roost
» items
| Boots of Speed | 2 | |
| Staff of Teleportation | 2 | |
| Orb of Venom | 1 | |
| Lesser Clarity Potion | 1 | |
| Staff of Sanctuary | 2 | |
| Orb of Lightning | 1 | |
9 total
team 2 (loser)
GleadBG (
pink | 58 APM | 1711 actions | 29:33)
3 Crypt Lord
2 Impale
1 Spiked Carapace
» actions
| Assign group hotkey | 42 | |
| Basic commands | 99 | |
| Build / train | 69 | |
| ESC pressed | 3 | |
| Enter build submenu | 19 | |
| Enter hero's abilities submenu | 3 | |
| Right click | 535 | |
| Select / deselect | 479 | |
| Select group hotkey | 423 | |
| Use ability | 38 | |
1711 total
» units
| Acolyte | 2 | |
| Ghoul | 16 | |
| Obsidian Statue | 1 | |
| Meatwagon | 4 | |
| Abomination | 5 | |
| Frost Wyrm | 16 | |
44 total
» upgrades
| Cannibalize | 1 | |
| Unholy Armor | 1 | |
| Unholy Strength | 2 | |
| Freezing Breath | 1 | |
| Disease Cloud | 1 | |
| Creature Attack | 3 | |
| Creature Carapace | 1 | |
10 total
» buildings
| Ziggurat | 8 | |
| Altar of Darkness | 1 | |
| Crypt | 2 | |
| Graveyard | 1 | |
| Nerubian Tower | 1 | |
| Tomb of Relics | 1 | |
| Halls of the Dead | 1 | |
| Black Citadel | 4 | |
| Slaughterhouse | 2 | |
| Sacrificial Pit | 1 | |
| Boneyard | 2 | |
| Spirit Tower | 1 | |
25 total
» build order
00:24 Ziggurat
00:27 Altar of Darkness
00:34 Crypt
00:36 Crypt
01:17 Graveyard
01:20 Nerubian Tower
01:58 Tomb of Relics
03:16 Ziggurat
04:15 Halls of the Dead
04:44 Ziggurat
06:36 Black Citadel
06:36 Black Citadel
06:36 Black Citadel
07:02 Slaughterhouse
07:03 Slaughterhouse
08:53 Sacrificial Pit
09:18 Ziggurat
11:11 Boneyard
11:34 Ziggurat
14:58 Ziggurat
14:59 Ziggurat
15:00 Ziggurat
20:59 Spirit Tower
27:07 Boneyard
» items
| Rod of Necromancy | 1 | |
| Potion of Mana | 1 | |
| Scroll of Town Portal | 1 | |
3 total
pon4o-gen4ev (
teal | 107 APM | 3197 actions | 29:46)
4 Paladin
2 Holy Light
2 Devotion Aura
1 Mountain King
1 Storm Bolt
» actions
| Assign group hotkey | 125 | |
| Basic commands | 176 | |
| Build / train | 81 | |
| Enter build submenu | 25 | |
| Enter hero's abilities submenu | 6 | |
| Give item / drop item | 5 | |
| Right click | 886 | |
| Select / deselect | 706 | |
| Select group hotkey | 1044 | |
| Use ability | 143 | |
3197 total
» units
| Peasant | 12 | |
| Rifleman | 9 | |
| Mortar Team | 15 | |
36 total
» upgrades
| Gunpowder | 2 | |
| Armor | 2 | |
| Long Rifles | 1 | |
| Flare | 1 | |
6 total
» buildings
| Altar of Kings | 1 | |
| Farm | 11 | |
| Blacksmith | 1 | |
| Barracks | 2 | |
| Scout Tower | 3 | |
| Arcane Tower | 1 | |
| Arcane Vault | 2 | |
| Keep | 5 | |
| Lumber Mill | 1 | |
| Workshop | 2 | |
| Guard Tower | 2 | |
31 total
» build order
00:18 Altar of Kings
00:27 Farm
00:51 Blacksmith
01:34 Farm
01:39 Barracks
02:13 Farm
02:24 Scout Tower
02:53 Arcane Tower
03:14 Farm
04:43 Farm
04:53 Arcane Vault
05:38 Keep
05:38 Keep
05:38 Keep
05:39 Keep
06:30 Farm
06:36 Barracks
07:06 Scout Tower
07:08 Scout Tower
07:38 Lumber Mill
08:15 Workshop
08:59 Guard Tower
09:29 Farm
10:10 Guard Tower
10:12 Farm
11:26 Arcane Vault
12:44 Workshop
14:30 Farm
14:33 Farm
16:31 Farm
» items
| Dust of Appearance | 1 | |
| Scroll of Regeneration | 5 | |
| Lesser Clarity Potion | 7 | |
| Potion of Mana | 2 | |
| Potion of Healing | 2 | |
| Scroll of Town Portal | 1 | |
18 total
ricks_7 (
orange | 54 APM | 1600 actions | 29:28)
3 Death Knight
2 Death Coil
1 Unholy Aura
» actions
| Assign group hotkey | 24 | |
| Basic commands | 25 | |
| Build / train | 61 | |
| Enter build submenu | 16 | |
| Enter hero's abilities submenu | 3 | |
| Remove unit from queue | 4 | |
| Right click | 615 | |
| Select / deselect | 345 | |
| Select group hotkey | 438 | |
| Use ability | 69 | |
1600 total
» units
| Acolyte | 3 | |
| Ghoul | 2 | |
| Crypt Fiend | 18 | |
| Meatwagon | -1 | |
| Obsidian Statue | 3 | |
| Frost Wyrm | 7 | |
32 total
» upgrades
| Creature Attack | 4 | |
| Web | 1 | |
| Exhume Corpses | 1 | |
| Creature Carapace | 3 | |
| Freezing Breath | 1 | |
10 total
» buildings
| Graveyard | 1 | |
| Crypt | 1 | |
| Ziggurat | 9 | |
| Altar of Darkness | 1 | |
| Halls of the Dead | 3 | |
| Tomb of Relics | 1 | |
| Spirit Tower | 1 | |
| Slaughterhouse | 2 | |
| Black Citadel | 1 | |
| Sacrificial Pit | 1 | |
| Boneyard | 2 | |
23 total
» build order
00:07 Graveyard
00:09 Crypt
00:40 Ziggurat
00:56 Altar of Darkness
01:38 Ziggurat
03:11 Halls of the Dead
03:11 Halls of the Dead
04:06 Ziggurat
04:13 Tomb of Relics
04:38 Spirit Tower
06:06 Slaughterhouse
06:09 Slaughterhouse
08:21 Ziggurat
08:23 Ziggurat
11:07 Ziggurat
11:53 Ziggurat
12:58 Black Citadel
13:18 Sacrificial Pit
15:35 Boneyard
15:37 Boneyard
18:16 Ziggurat
18:16 Ziggurat
» items
Chat log
(17:20 / All) dogsandhorse.ru: back
(17:21 / All) dogsandhorse.ru: careful
(23:16 / All) dogsandhorse.ru: the paladin skill "holy light" can heal wounded units!
(23:19 / All) dogsandhorse.ru: try it on a mortar!
(23:31 / All) dogsandhorse.ru: good!